 Dungeon Crawl Stone Soup version 0.23-a0-378-gd7a6ca6 (console) character file.

2189 bli the Spear-Bearer (level 9, -1/75 HPs)
             Began as a Merfolk Monk on Oct 27, 2018.
             Was an Elder of Okawaru.
             Slain by a killer bee (4 damage)
             ... on level 7 of the Dungeon.
             The game lasted 00:27:39 (5645 turns).

bli the Spear-Bearer (Merfolk Monk)                 Turns: 5645, Time: 00:27:40

Health: -1/75      AC:  7    Str: 17    XL:     9   Next: 33%
Magic:  9/9        EV: 17    Int:  9    God:    Okawaru [****..]
Gold:   398        SH:  0    Dex: 19    Spells: 6/8 levels left

rFire    + . .     SeeInvis .   k - +0 mace (curse)
rCold    + . .     Gourm    .   (no shield)
rNeg     . . .     Faith    .   p - +2 robe {rC+ rF+}
rPois    .         Spirit   .   (no helmet)
rElec    .         Reflect  .   i - +2 cloak
rCorr    +         Harm     .   (no gloves)
MR       .....                  (no boots)
Stlth    +++.......             J - amulet of magic regeneration
HPRegen  0.22/turn              C - +5 ring of strength
MPRegen  0.36/turn              o - ring of resist corrosion

@: no status effects
A: change form in water, swift swim, stealthy swim
a: Heroism, Renounce Religion


You were on level 7 of the Dungeon.
You worshipped Okawaru.
Okawaru was greatly pleased with you.
You were not hungry.

You visited 2 branches of the dungeon, and saw 8 of its levels.

You collected 398 gold pieces.

Inventory:

Hand Weapons
 a - the +6 war axe of Callousness {chop, *Noise Dex+9 Stlth+}
   (You found it on level 4 of the Dungeon)

   It inflicts extra damage upon your enemies.
   It affects your dexterity (+9).
   It may make noises in combat.
   It makes you more stealthy.
 b - a +0 blowgun
 j - a +0 spear
 k - a cursed +0 mace (weapon)
 m - a +2 dagger of electrocution
 s - a +0 spear
 A - a +0 lajatang
 F - a +0 scythe
 I - a +0 trident
 M - a +3 shortbow of flaming
 P - a +0 short sword of venom
Missiles
 l - 249 stones (quivered)
 z - 36 poisoned needles
 E - 5 tomahawks
 N - 96 arrows
Armour
 i - a +2 cloak (worn)
 p - a +2 robe of resistance (worn)
Jewellery
 o - a ring of resist corrosion (right hand)
 C - a +5 ring of strength (left hand)
 J - an amulet of magic regeneration (around neck)
Wands
 f - a wand of digging (10)
 u - a wand of disintegration (14)
 G - a wand of flame (21)
Scrolls
 d - 3 scrolls of teleportation
 g - a scroll of fear
 v - 2 scrolls of enchant weapon
 D - a scroll of blinking
Potions
 e - a potion of heal wounds
 h - a potion of ambrosia {unknown}
 n - a potion of degeneration {unknown}
 r - a potion of berserk rage {unknown}
 t - a potion of invisibility {unknown}
 w - a potion of mutation {unknown}
 H - a potion of cancellation {unknown}
 L - a potion of might {unknown}
 O - a potion of agility
Comestibles
 c - 9 rations


   Skills:
 * Level 8.7 Fighting
 * Level 1.0(4.6) Axes
 + Level 12.1 Polearms
 * Level 6.8 Dodging
 + Level 3.1 Stealth
 + Level 0.9 Evocations


You had 6 spell levels left.
You knew the following spells:

 Your Spells              Type           Power        Failure   Level  Hunger
a - Blink                 Tloc           N/A          52%         2    ###....

Your spell library contained the following spells:

 Spells                   Type           Power        Failure   Level  Hunger
 Magic Dart               Conj           #...         38%         1    ##.....
 Call Imp                 Summ           #.......     52%         2    ###....
 Slow                     Hex            #.......     52%         2    ###....
 Conjure Flame            Conj/Fire      #.......     77%         3    ####...
 Mephitic Cloud           Conj/Pois/Air  #.......     77%         3    ####...


Dungeon Overview and Level Annotations

Branches:
Dungeon (7/15)             Temple (1/1) D:7

Altars:
Ashenzari
Cheibriados
Dithmenos
Elyvilon
Fedhas
Gozag
Hepliaklqana
Kikubaaqudgha
Makhleb
Nemelex Xobeh
Okawaru
Qazlal
Ru
Sif Muna
Trog
Uskayaw
Vehumet
Wu Jian
Xom
Yredelemnul
Zin
The Shining One

Shops:
D:5 %

Annotations:
D:6 2 transporters, Soeti's ghost, novice OpTm


Message History

You closely miss the killer bee.
The killer bee is severely wounded.
You feel sick.
The killer bee closely misses you. x2; The killer bee stings
* * * LOW HITPOINT WARNING * * *
You miss the killer bee.
The killer bee is severely wounded.
You feel sick.
The killer bee stings you but does no damage.
The killer bee stings you.
* * * LOW HITPOINT WARNING * * *
The killer bee misses you.
You feel better. The killer bee stings you!
* * * LOW HITPOINT WARNING * * *
The killer bee stings you!
* * * LOW HITPOINT WARNING * * *
You sock the killer bee!
You kill the killer bee!
Okawaru accepts your kill. The killer bee closely misses you.
The killer bee stings you.
You die...

#.######### #.........#
##########.######.##
#............####.#
#.#########.......# #.#
#...####.# ###### #.# #..>'....#
#.....
###.########...############.####
#...............................
###.#####.#######.#########.####
#.#.........y@.....#..........
#.#.##....######..##......####
#.#.##....# #..##......#
###.#.##....# #..##......#
#...#.###'### #........#.#
##.##.# #. #.####.#.#.# ##.##.#
#. #.# ..(.... .. #.^...# #(
.y......# ####.#.#### ####### #y
..y.....# ..#.# #. ........# ##
# #. ...(.....


You could see a killer bee.

Vanquished Creatures
  Sigmund (D:5)
  An ice beast (D:6)
  2 phantoms
  2 sky beasts (D:7)
  An ogre (D:7)
  5 centaurs
  2 bullfrogs (D:6)
  3 scorpions (D:4)
  4 killer bees (D:7)
  A howler monkey (D:4)
  3 crimson imps (D:6)
  2 orc wizards
  An orc priest (D:7)
  2 bullfrog skeletons
  Jessica (D:2)
  An iguana (D:6)
  4 worker ants (D:4)
  Natasha (thrice) (D:3)
  A hound skeleton (D:4)
  4 adders
  A howler monkey skeleton (D:5)
  An adder zombie (D:5)
  An adder skeleton (D:5)
  A worm (D:2)
  A dart slug (D:1)
  A leopard gecko (D:2)
  6 orcs
  A ball python (D:1)
  6 giant cockroaches
  10 goblins
  13 hobgoblins
  4 jackals (D:2)
  5 quokkas
  12 bats
  4 frilled lizards
  7 kobolds
  A leopard gecko skeleton (D:5)
  A quokka zombie (D:7)
  14 rats
134 creatures vanquished.

Notes
Turn   | Place    | Note
-------+----------+-------------------------------------------
     0 | D:1      | bli the Merfolk Monk began the quest for the Orb.
     0 | D:1      | Reached XP level 1. HP: 18/18 MP: 1/1
    95 | D:1      | Reached skill level 5 in Polearms
   240 | D:1      | Reached XP level 2. HP: 24/24 MP: 2/2
   478 | D:1      | Found an iron altar of Okawaru.
   524 | D:1      | Became a worshipper of Warmaster Okawaru
   524 | D:1      | Reached * piety under Okawaru
   524 | D:1      | Reached ** piety under Okawaru
   662 | D:1      | Reached skill level 6 in Polearms
   662 | D:1      | Reached XP level 3. HP: 29/29 MP: 3/3
  1465 | D:2      | Noticed Jessica
  1485 | D:2      | Killed Jessica
  1485 | D:2      | Reached skill level 7 in Polearms
  1485 | D:2      | Reached XP level 4. HP: 34/35 MP: 4/4
  2101 | D:3      | Reached skill level 8 in Polearms
  2101 | D:3      | Reached XP level 5. HP: 38/41 MP: 5/5
  2103 | D:3      | Noticed Natasha
  2120 | D:3      | Killed Natasha
  2405 | D:3      | Noticed Natasha
  2419 | D:3      | Killed Natasha
  2595 | D:3      | Noticed Natasha
  2606 | D:3      | Killed Natasha
  2633 | D:4      | Learned a level 2 spell: Blink
  2640 | D:4      | Reached skill level 9 in Polearms
  2640 | D:4      | Reached XP level 6. HP: 41/48 MP: 6/6
  2882 | D:4      | Found an opulent altar of Gozag.
  2885 | D:4      | Found a sacrificial altar of Ru.
  2885 | D:4      | Found an ornate altar of the Wu Jian Council.
  2887 | D:4      | Got a transparent war axe
  2889 | D:4      | Found a hide-covered altar of Uskayaw.
  2934 | D:4      | Identified the +6 war axe of Callousness {chop, *Noise
                  | Dex+9 Stlth+} (You found it on level 4 of the Dungeon)
  3112 | D:4      | Reached skill level 10 in Polearms
  3183 | D:4      | Reached *** piety under Okawaru
  3183 | D:4      | Reached XP level 7. HP: 40/55 MP: 7/7
  3526 | D:5      | Entered Level 5 of the Dungeon
  3569 | D:5      | Found Odeit's Food Emporium.
  3803 | D:5      | Reached skill level 11 in Polearms
  3828 | D:5      | Reached skill level 5 in Fighting
  4081 | D:5      | Noticed Sigmund
  4097 | D:5      | Killed Sigmund
  4097 | D:5      | Reached XP level 8. HP: 27/63 MP: 8/8
  4293 | D:6      | Noticed a vampire
  4296 | D:6      | Found a transporter.
  4298 | D:6      | Found a transporter.
  4308 | D:6      | Noticed Soeti's ghost (novice OpTm)
  4335 | D:6      | Reached skill level 12 in Polearms
  4336 | D:6      | Reached skill level 5 in Dodging
  4395 | D:6      | Reached **** piety under Okawaru
  4496 | D:6      | Reached XP level 9. HP: 7/73 MP: 7/9
  4827 | D:7      | Found a staircase to the Ecumenical Temple.
  4877 | Temple   | Entered the Ecumenical Temple
  5634 | D:7      | Reached skill level 1 in Axes
  5644 | D:7      | HP: 2/75 [killer bee (7)]
  5645 | D:7      | Slain by a killer bee

Vault maps used:
D:1:      dpeg_arrival_subterranean_lakeside_camping, okawaru_ov_weapons_minmay
D:2:      uniq_jessica
D:3:      uniq_natasha
D:4:      grunt_temple_overflow_open
D:5:      first_ration, serial_shops, shop, uniq_sigmund
D:6:      nicolae_whirlpool, gammafunk_ghost_mausoleum
D:7:      temple_statues, serial_shops, shop_fountains
Temple:   nicolae_temple_no_exploring_needed

Skill      XL: |  1  2  3  4  5  6  7  8  9 |
---------------+----------------------------+-----
Polearms       | 5 6 7 8 9 10 11 12 | 12.1
Fighting       | 4 5 7 8 |  8.7
Dodging        | 6 |  6.8
Stealth        | 3 |  3.1
Axes           | 1 |  1.0
Evocations     | |  0.9

Action                   |  1- 3 |  4- 6 |  7- 9 || total
-------------------------+-------+-------+-------++-------
Melee: Spear             |   143 |   231 |       ||   374
       War axe           |       |    15 |   110 ||   125
       Tailslap          |       |       |     1 ||     1
       Mace              |       |       |    96 ||    96
       Punch             |       |       |     2 ||     2
 Fire: Blowgun           |       |    12 |     6 ||    18
Throw: Stone             |     1 |     6 |    12 ||    19
Invok: Heroism           |       |       |     2 ||     2
Evoke: Wand              |       |       |     3 ||     3
  Use: Potion            |       |     1 |     4 ||     5
       Scroll            |       |       |     6 ||     6
 Stab: Sleeping          |    11 |     5 |     4 ||    20
  Eat: Chunk             |     2 |     3 |     6 ||    11
       Ration            |       |     1 |     1 ||     2
Armor: Robe              |    30 |    40 |    62 ||   132
Dodge: Dodged            |    87 |   103 |   234 ||   424

Table legend:
 A = Non-vault XP
 B = Vault XP
 C = Vault XP percentage of total XP
 D = Non-vault monster count
 E = Vault monster count
 F = Vault count percentage of total count
                 A         B        C        D         E       F
            +---------+---------+-------+---------+---------+-------
      Total |    2343 |     785 |  25.1 |     121 |      13 |   9.7
            +---------+---------+-------+---------+---------+-------
        D:1 |      38 |       9 |  19.1 |      23 |       6 |  20.7
        D:2 |      65 |      37 |  36.3 |      28 |       1 |   3.4
        D:3 |     102 |      35 |  25.5 |      16 |       1 |   5.9
        D:4 |     429 |       0 |   0.0 |      11 |       0 |   0.0
        D:5 |     314 |     238 |  43.1 |       9 |       1 |  10.0
        D:6 |     700 |     466 |  40.0 |      15 |       4 |  21.1
        D:7 |     695 |       0 |   0.0 |      19 |       0 |   0.0
            +---------+---------+-------+---------+---------+-------
